 Dungeon Crawl Stone Soup version 0.18.1-50-g88ac8fd (webtiles) character file.

104 KarmaPolice the Grave Robber (level 4, -11/30 HPs)
             Began as a Vampire Necromancer on Sept 28, 2016.
             Mangled by Sigmund
             ... wielding a +0 scythe
              (12 damage)
             ... on level 2 of the Dungeon.
             The game lasted 00:05:43 (2946 turns).

KarmaPolice the Grave Robber (Vampire Necromancer)  Turns: 2946, Time: 00:05:44

Health: -11/30     AC:  2    Str: 12    XL:     4   Next: 52%
Magic:  0/9        EV: 12    Int: 18    God:
Gold:   60         SH:  0    Dex: 14    Spells: 2 memorised, 5 levels left

rFire  . . .     SeeInvis +     i - +0 dagger (speed)
rCold  + . .     Gourm    .     a - +0 robe
rNeg   + + .     Faith    .     (no shield)
rPois  +         Spirit   .     (no helmet)
rElec  .         Dismiss  .     (no cloak)
rCorr  .         Reflect  .     (no gloves)
SustAt .         Harm     .     (no boots)
MR     .....                    (no amulet)
Stlth  +++.......               (no ring)
                                (no ring)

@: mighty, regenerating slowly, not resistant to hostile enchantments, fairly
stealthy
A: fangs 3, see invisible, unbreathing
a: Bat Form


You were on level 2 of the Dungeon.
You were thirsty.

You visited 1 branch of the dungeon, and saw 2 of its levels.

You collected 60 gold pieces.

Inventory:

Hand Weapons
 i - a +0 dagger of speed (weapon)
Armour
 a - a +0 robe (worn)
Jewellery
 g - a cursed ring of teleportation {unknown}
Scrolls
 d - a scroll of identify {unknown}
 f - a scroll of fear {unknown}
 l - a scroll of magic mapping {unknown}
 m - a scroll of remove curse {unknown}
Potions
 c - 15 potions of blood
 e - a potion of cure mutation {unknown}
 h - a potion of might
 j - a potion of heal wounds {unknown}
 k - 2 potions of lignification {unknown}
 n - a potion of flight {unknown}
 o - a potion of curing {unknown}
Books
 b - a book of Necromancy

   Spells                             Type                      Level
   a - Pain                           Necromancy                   1
   b - Animate Skeleton               Necromancy                   1
   c - Vampiric Draining              Necromancy                   3
   d - Regeneration                   Charms/Necromancy            3
   e - Animate Dead                   Necromancy                   4
   f - Control Undead                 Necromancy                   4


   Skills:
 - Level 2.1 Dodging
 - Level 4.2 Stealth
 * Level 3.3 Spellcasting
 + Level 5.2 Necromancy


You had 5 spell levels left.
You knew the following spells:

 Your Spells              Type           Power        Failure   Level  Hunger
a - Pain                  Necr           ###.         1%          1    None
b - Vampiric Draining     Necr           ###.......   6%          3    ###....


Dungeon Overview and Level Annotations

Branches:
Dungeon (2/15)

Altars:
Xom

Annotations:
D:2 Sigmund


Innate Abilities, Weirdness & Mutations

You heal slowly.
You have razor-sharp teeth.
You have supernaturally acute eyesight.
You can survive without breathing.


Message History

Drink which item? (? for menu, Esc to quit)
Okay, then.
Read which item? (? for menu, Esc to quit)
Okay, then.
You hit Sigmund but do no damage.
Sigmund is heavily wounded.
Sigmund hits you with a scythe!
You hit Sigmund.
Sigmund is severely wounded.
You hit Sigmund but do no damage.
Sigmund is severely wounded.
You hit Sigmund but do no damage.
Sigmund is severely wounded.
Sigmund hits you with a scythe!
* * * LOW HITPOINT WARNING * * *
Drink which item? (? for menu, Esc to quit)
It was a potion of might.
You feel very mighty all of a sudden. Sigmund hits you with a scythe!
You die...

######## .......###########
###### ######......(....#
#..... ###########.# ###.####
##########@# ##.#.#
######..........@########.#..#
..>.##.#######...........###.##
##...#.#######.###..###.##
##.## #......##......# #.....##
##.# #....#.##......###>.###.##
##.### #[#.................#
##.###.###.
#.##...##.###.#.###.# ##.#.##
#. #.##..)##.#
#.#.###.######.## #.
#.##....#.###.#.##..........#
#.


You could see Sigmund.

Vanquished Creatures
  Terence (D:2)
  2 adders (D:2)
  A gnoll (D:1)
  An ooze (D:1)
  2 giant geckos
  6 bats
  A giant cockroach (D:1)
  9 goblins
  5 hobgoblins
  2 quokkas
  2 giant newts
  6 kobolds
  7 rats
45 creatures vanquished.

Notes
Turn   | Place    | Note
--------------------------------------------------------------
     0 | D:1      | KarmaPolice the Vampire Necromancer began the quest for the Orb.
     0 | D:1      | Reached XP level 1. HP: 13/13 MP: 3/3
   495 | D:1      | Reached XP level 2. HP: 17/19 MP: 5/5
  1057 | D:1      | Reached XP level 3. HP: 24/24 MP: 6/6
  1182 | D:1      | Learned a level 3 spell: Vampiric Draining
  1359 | D:2      | Reached skill level 5 in Necromancy
  1701 | D:2      | Found a shimmering altar of Xom.
  1789 | D:2      | Noticed Terence
  1817 | D:2      | Reached XP level 4. HP: 22/30 MP: 6/8
  1944 | D:2      | Killed Terence
  1991 | D:2      | Noticed Sigmund
  2945 | D:2      | HP: 1/30 [Sigmund/scythe (12)]
  2946 | D:2      | Mangled by Sigmund

Skill      XL: |  1  2  3  4 |
---------------+-------------+-----
Stealth        | 4 |  4.2
Necromancy     | 5 |  5.2
Spellcasting   | 3 |  3.3
Dodging        | |  2.1

Action                   |  1- 3 |  4- 6 || total
-------------------------+-------+-------++-------
Melee: Unarmed           |    51 |       ||    51
       Bite              |     5 |     3 ||     8
       Dagger            |    60 |    45 ||   105
 Cast: Pain              |    15 |     8 ||    23
       Vampiric Draining |       |     4 ||     4
 Abil: End Transformatio |     1 |     2 ||     3
       Bat Form          |     1 |     2 ||     3
  Use: Potion            |       |     2 ||     2
 Stab: Sleeping          |    11 |     2 ||    13
  Eat: Corpse            |       |     1 ||     1
Armor: Robe              |    21 |     3 ||    24
Dodge: Dodged            |    73 |    22 ||    95
